[Event "Live Chess"]
[Site "Chess.com"]
[Date "2023.05.21"]
[Round "-"]
[White "Biranidun"]
[Black "yeetpizza74"]
[Result "1-0"]
[WhiteElo "2551"]
[BlackElo "481"]
[TimeControl "300"]
[EndTime "2:24:05 PDT"]
[Termination "Biranidun won by checkmate"]

1. e4 c6 2. d4 d5 3. e5 e6 4. Nf3 Ne7 5. Bd3 g6 6. h4 Bg7 7. h5 gxh5 8. Rxh5 O-O 9. Bxh7+ Kh8 10.
Qd3 Nf5 11. Bxf5+ Kg8 12. Bh7+ Kh8 13. Bg8+ Kxg8 14. Qh7# 1-0

[Event "Live Chess"]
[Site "Chess.com"]
[Date "2023.05.21"]
[Round "-"]
[White "Shepherds_Pie"]
[Black "JanMur7"]
[Result "1-0"]
[WhiteElo "1950"]
[BlackElo "1953"]
[TimeControl "300"]
[EndTime "2:24:23 PDT"]
[Termination "Shepherds_Pie won by resignation"]

1. c4 c5 2. Nc3 Nc6 3. g3 g6 4. Bg2 Bg7 5. a3 a6 6. Rb1 Rb8 7. Qa4 Nf6 8. b4 cxb4 9. axb4 O-O 10. b5 axb5 11. cxb5 Ne5 12. Qa7 Qc7 13. b6 Qd6 14. Ba3 1-0

[Event "Live Chess"]
[Site "Chess.com"]
[Date "2023.05.21"]
[Round "-"]
[White "SteveValentine83"]
[Black "lateforthesky"]
[Result "0-1"]
[WhiteElo "1532"]
[BlackElo "2120"]
[TimeControl "300"]
[EndTime "2:24:27 PDT"]
[Termination "lateforthesky won by resignation"]

1. e4 c5 2. c3 d6 3. d4 Nf6 4.
Nf3 Nxe4 5. Bd3 Nf6 6. O-O cxd4 7. Nxd4 e6 8. Bg5 Be7 9. Re1 a6 10. a4 Nbd7 11. Nd2 h6 12. Bh4 Ne5 13. Bc2 O-O 14. N2f3 Nxf3+ 15. Nxf3 Qc7 16. Qd3 g6 17. Bg3 Kg7 18.
Rad1 Rd8 19. Nh4 Qc5 20. Nxg6 fxg6 21. Qxg6+ Kf8 22. Qxh6+ Ke8 23. Bh4 Ng8 24. Qh8 Kd7 25. Bxe7 Nxe7 26. Qh3 Kc7 27. Re3 Bd7 28. Rde1 Rh8 29.
Qg4 Rag8 30. Qd4 Qxd4 31. cxd4 Nd5 32. Rb3 Rg4 33. Bd1 Rxd4 34. Bf3 Re8 35. Rc1+ Bc6 36.
g3 Kd7 37. a5 Rf8 38. Bg2 Rd2 39. Rf3 Rxf3 40. Bxf3 Rxb2 0-1

[Event "Live Chess"]
[Site "Chess.com"]
[Date "2023.05.21"]
[Round "-"]
[White "Mikhail_Golubev"]
[Black "PrinceCharming_1"]
[Result "1-0"]
[WhiteElo "2467"]
[BlackElo "1624"]
[TimeControl "300"]
[EndTime "2:24:28 PDT"]
[Termination "Mikhail_Golubev won by resignation"]

1. Na3 Nf6 2. c3 d5 3. Nc2 c5 4. d3 e5 5. g3 Nc6 6. Bg2 Bd6 7. Nf3 O-O 8. O-O Bg4 9. Ne3 Be6 10.
Ng5 Bd7 11. Nxd5 Nxd5 12. Bxd5 h6 13. Nf3 Bh3 14. Re1 Ne7 15. Bb3 Qc7 16. e4 Bg4 17. Re3 Ng6 18. Kg2 Qd7 19. Qh1 Bh3+ 20. Kg1 Nf4 21. Ne1 Ng6 22. Bd1 f5 23. exf5 Rxf5 24. Qd5+ Kh7 25. Rf3 Raf8 26. Rxf5 Rxf5 27. Bf3 Nf4 28.
Bxf4 exf4 29. Be4 fxg3 30. fxg3 Kh8 31. Bxf5 Bxf5 32. Ng2 Be6 33. Qf3 Qc7 34. Re1 Bd7 35. Nh4 Kh7 36. Qe4+ Kg8 37. Ng6 Bc6 38. Ne7+ Bxe7 39.
Qxe7 Qxe7 40. Rxe7 Kf8 41. Rc7 g5 42. Kf2 h5 43. h4 gxh4 44. gxh4 a5 45. Ke3 Bd5 46. Rxc5 1-0

[Event "Live Chess"]
[Site "Chess.com"]
[Date "2023.05.21"]
[Round "-"]
[White "AbilifyXL"]
[Black "Long1968"]
[Result "1-0"]
[WhiteElo "1937"]
[BlackElo "970"]
[TimeControl "300"]
[EndTime "2:24:44 PDT"]
[Termination "AbilifyXL won by checkmate"]

1. d4 e6 2. c4 d5 3. Nc3 Nf6 4. cxd5 Nxd5 5. Nf3 Nxc3 6. bxc3 c5 7. e3 cxd4 8. exd4 Nc6 9. Bd3 Bd6 10. O-O e5 11. Re1 f6 12. Qc2 Kf8 13. dxe5 Nxe5 14. Nxe5 Bxe5 15. Ba3+ Bd6 16. Qb3 a5 17. Rad1 a4 18.
Qb2 Bxa3 19. Qxa3+ Kf7 20. Bc4+ Kg6 21. Rxd8 Rxd8 22.
Qe7 Bf5 23. Bf7+ Kh6 24. Qe3+ g5 25. h4 Rd3 26. hxg5+ fxg5 27. Qb6+ Kg7 28. Re7 Rf8 29. Bc4+ Kh8 30. Bxd3 Bxd3 31. Qd4+ Kg8 32. Qg7# 1-0

[Event "Live Chess"]
[Site "Chess.com"]
[Date "2023.05.21"]
[Round "-"]
[White "FailsGambits"]
[Black "ExIsambard"]
[Result "0-1"]
[WhiteElo "1338"]
[BlackElo "1901"]
[TimeControl "300"]
[EndTime "2:25:06 PDT"]
[Termination "ExIsambard won by resignation"]

1. e4 Nc6 2. Nf3 d5 3. exd5 Qxd5 4. Nc3 Qh5 5. d3 Bg4 6. Be2 Nf6 7. h3 O-O-O 8. O-O Bxh3 9. gxh3 Qxh3 10. Nh2 e6 11. Bg4 Qh4 12. Kg2 Bd6 13. Rh1 h5 14. Be2 Ng4 15.
Bxg4 hxg4 16. Qxg4 Qh7 17. Bg5 Rde8 18. Bf4 f5 19.
Qg3 e5 20. Nf3 Qg8 21. Rxh8 Qxh8 22. Rh1 Qg8 23. Bd2 e4 24. Qh3 exf3+ 25. Kxf3 Ne5+ 26. Ke2 Ng4+ 27. Kd1 Nxf2+ 0-1

[Event "Live Chess"]
[Site "Chess.com"]
[Date "2023.05.21"]
[Round "-"]
[White "Ferrarifan27"]
[Black "SupremeTactician"]
[Result "0-1"]
[WhiteElo "2099"]
[BlackElo "2280"]
[TimeControl "300"]
[EndTime "2:25:14 PDT"]
[Termination "SupremeTactician won on time"]

1. e4 e5 2. Nf3 Nc6 3. Bb5 a6 4.
Ba4 Nf6 5. O-O Nxe4 6. d4 Be7 7. Re1 b5 8. Rxe4 d5 9. Re1 bxa4 10. dxe5 O-O 11. c3 Bg4 12. h3 Bxf3 13. Qxf3 Bc5 14. Bf4 Qd7 15. Nd2 Rad8 16. Rad1 Rfe8 17. Qg3 Qf5 18.
Nf3 d4 19. Nh4 Qh5 20. Bg5 Rd5 21. Bf6 Bf8 22. cxd4 Nxd4 23. Kh1 Ne2 24. Rxe2 Rxd1+ 25. Kh2 Qxe2 26. Nf5 g6 27. Qh4 Qe1 28. Nh6+ Bxh6 29.
Qxh6 Qg1+ 30. Kg3 Rd3+ 31. f3 Qe1+ 32. Kh2 Qxe5+ 33. Bxe5 Rxe5 34. Qf4 Red5 35. Qxc7 Rd6 36. Qc4 R3d4 37. Qc8+ Kg7 38. b3 axb3 39. axb3 h5 40. Qc3 Kf6 41. Kg3 Ke6 42. Qe3+ Kf6 43. Qc3 Kg7 44. h4 Kh7 45. Kh3 Rd3 46. Qc4 Kg7 47.
b4 R3d4 48. Qc3 Kg8 49. Qc8+ Kg7 50. Qc3 Kh7 51. Qc7 Rd7 52. Qc3 R4d6 53. Qc4 Kg7 54.
Qc3+ f6 55. Qc4 Rd5 56. Qc6 R5d6 57. Qc4 Rd4 58. Qc3 Kf7 59. Qb3+ Kf8 60. b5 axb5 61. Qxb5 R4d6 62. Qb2 Kg7 63. Qe2 Rd3 64. Qe4 Rd1 65. Qe3 Rh1+ 66. Kg3 Rhd1 67. Qe4 R1d4 68. Qe3 R4d5 69.
Qe4 g5 70. hxg5 Rxg5+ 71. Kh4 Re5 72. Qf4 Kf7 73. Qg3 Rd4+ 74. f4 Ree4 75. Kxh5 Rxf4 0-1

[Event "Live Chess"]
[Site "Chess.com"]
[Date "2023.05.21"]
[Round "-"]
[White "Tushinskiy"]
[Black "Singapourfeuj"]
[Result "0-1"]
[WhiteElo "2144"]
[BlackElo "2189"]
[TimeControl "300"]
[EndTime "2:25:16 PDT"]
[Termination "Singapourfeuj won on time"]

1. d4 Nf6 2. c3 g6 3. Nf3 Bg7 4.
Bf4 O-O 5. Bg3 Ne4 6. Nbd2 Nxg3 7. hxg3 c5 8. e3 d5 9. Bd3 Bg4 10. Qb1 Nd7 11. O-O cxd4 12. exd4 e5 13. dxe5 Nxe5 14. Nxe5 Bxe5 15. Re1 Qf6 16. Nf3 Bxf3 17. gxf3 Bc7 18. Kg2 Bb6 19. Re2 Rfe8 20. Qc2 Rxe2 21. Qxe2 d4 22. c4 Qe6 23. Qc2 Re8 24. b4 h5 25. Rh1 Bc7 26. c5 Kg7 27. Bc4 Qe5 28. Qd2 a5 29. a3 axb4 30. axb4 b6 31. cxb6 Bxb6 32. Bd3 Ra8 33. Re1 Qf6 34. Re4 Ra3 35. Rf4 Qe6 36. Qc2 Ra2 37. Qd1 Qe3 38. Qf1 Rd2 39. Bc4 f5 40. Rh4 Bd8 41. Rh2 f4 42.
Rh3 Bc7 43. g4 hxg4 44. fxg4 Qe4+ 45. Rf3 Rb2 46. Qc1 Rxb4 47. Bd3 Qe5 48. Qc6 Rb6 49.
Qd7+ Kf6 50. Qh7 g5 51. Bf5 Qe7 52. Qh8+ Kf7 53. Rh3 f3+ 54. Rxf3 Bf4 55. Qxd4 Qd6 56. Qc4+ Kg7 57. Qc3+ Be5 58. Qc8 Rb8 59. Qc2 Rh8 60. Rd3 Rh2+ 61. Kg1 Qb8 62. Rd7+ Kh8 0-1

[Event "Live Chess"]
[Site "Chess.com"]
[Date "2023.05.21"]
[Round "-"]
[White "defenderalist"]
[Black "raminguy"]
[Result "1-0"]
[WhiteElo "1653"]
[BlackElo "1962"]
[TimeControl "300"]
[EndTime "2:25:20 PDT"]
[Termination "defenderalist won on time"]

1. e4 e5 2. Nf3 Nc6 3. Bc4 Bc5 4. Nc3 Nf6 5. O-O O-O 6. d3 h6 7. h3 d6 8. Be3 Bxe3 9. fxe3 Be6 10. Nd5 Bxd5 11. exd5 Ne7 12. e4 c6 13. dxc6 Nxc6 14. a3 a5 15. Nh2 d5 16. exd5 Nxd5 17. Ng4 h5 18. Bxd5 Qxd5 19. Ne3 Qd4 20. Qe2 Rad8 21.
Rab1 f5 22. Kh1 f4 23. Nc4 g6 24. Rfe1 Rf5 25. Qe4 f3 26. Qxd4 fxg2+ 27. Kxg2 exd4 28. Re6 Rg5+ 29. Kh2 Rf8 30. Rg1 Rf2+ 31. Kh1 Rxg1+ 32. Kxg1 Rxc2 33. Rxg6+ Kh7 34. Rg2 Rc1+ 35. Kf2 Rd1 36. Rg3 Ne7 37. Ke2 Rh1 38. Kf3 Nf5 39. Rg2 Rxh3+ 40.
Ke4 Nh4 41. Rg1 Ng6 42. Kxd4 Rh4+ 43. Kc3 Rh3 44. Nxa5 Nf4 45. Nxb7 Rxd3+ 46. Kc4 Rd2 47. b4 h4 48. Nc5 h3 49. Rh1 h2 50. Ne4 Rg2 51.
Ng5+ Rxg5 52. Rxh2+ Kg6 53. a4 Ne6 54. a5 Rg4+ 55.
Kb5 Nd4+ 56. Kb6 Nc2 57. Rxc2 Rxb4+ 58. Ka6 Rb1 59. Rc6+ Kf5 60. Rb6 Ra1 61. Kb5 Rb1+ 62. Kc6 Rc1+ 63. Kb7 Ra1 64. a6 Ke5 65. a7 Kd5 66.
a8=Q Rxa8 67. Kxa8 Kc5 68. Ka7 Kd5 69. Kb7 Kc5 70. Kc7 Kd5 71. Rc6 Ke5 72. Rd6 Ke4 73. Kc6 Ke5 74. Kc5 Ke4 75. Rd5 Kf4 76. Kd4 Kf3 77. Re5 Kf4 78. Kd5 Kg4 79. Ke4 Kg3 80.
Rf5 Kg4 81. Ke5 Kg3 82. Rf4 Kh3 83. Kf5 Kg3 84. Ke4 Kg2 85. Ke3 Kg3 86. Ke4 1-0

[Event "Live Chess"]
[Site "Chess.com"]
[Date "2023.05.21"]
[Round "-"]
[White "WombatIn_A_Box"]
[Black "OleksiyJr1"]
[Result "0-1"]
[WhiteElo "539"]
[BlackElo "974"]
[TimeControl "300"]
[EndTime "2:25:24 PDT"]
[Termination "OleksiyJr1 won by checkmate"]

1. e4 c5 2. d4 cxd4 3. Qxd4 Nc6 4. Qc4 e6 5. Nc3 Nf6 6. Nf3 d5 7. Qd3 dxe4 8. Qe2 exf3 9. gxf3 Nd4 10. Qe5 Nxc2+ 11.
Ke2 Nxa1 12. Bg5 Bb4 13. Na4 Qd2+ 14. Bxd2 Bxd2 15. Kxd2 O-O 16. Be2 Rd8+ 17. Ke3 Bd7 18. Rxa1 Bxa4 19. b3 Bc6 20. Qc3 Rd5 21. Rc1 Rd6 22.
b4 Nd5+ 23. Kd4 Nxc3+ 24. Kxc3 Rad8 25. f4 Rd2 26. Bf3 Rxf2 27. Rc2 Rxf3+ 28. Kb2 Be4 29. Rc7 Rf2+ 30. Kc3 Rd3+ 31. Kc4 Rc2+ 32. Kb5 Rxc7 33. a4 Rd5# 0-1

[Event "Live Chess"]
[Site "Chess.com"]
[Date "2023.05.21"]
[Round "-"]
[White "karimghalambaz"]
[Black "MJMykh"]
[Result "1/2-1/2"]
[WhiteElo "1276"]
[BlackElo "1149"]
[TimeControl "300"]
[EndTime "2:25:25 PDT"]
[Termination "Game drawn - timeout vs insufficient material"]

1. d4 d5 2. Bf4 Nc6 3. e3 a6 4.
Nd2 Nf6 5. Ngf3 Bf5 6. c3 Bg4 7. Be2 Bxf3 8. Bxf3 e6 9. O-O Be7 10. h3 O-O 11. Qb3 b5 12. a4 Na5 13. Qc2 bxa4 14. Qxa4 c6 15. Qxa5 Qxa5 16. Rxa5 h6 17. Rfa1 Rfc8 18.
Rxa6 Rxa6 19. Rxa6 c5 20. dxc5 Bxc5 21. Nb3 Be7 22.
Nd4 Bc5 23. Ra5 Bxd4 24. exd4 g5 25. Be5 Kg7 26. Bxf6+ Kxf6 27. Kf1 Rb8 28. Ra6 Rxb2 29. Rc6 Rb1+ 30. Ke2 Rb2+ 31. Ke3 Kf5 32. g4+ Kg6 33. c4 dxc4 34. Rxc4 Rb3+ 35. Ke2 Rb2+ 36. Kf1 Rb1+ 37. Kg2 Rb6 38. d5 exd5 39. Bxd5 f6 40. Be4+ Kg7 41. Rc7+ Kf8 42. Rh7 Re6 43. f3 Kg8 44. Rxh6 Kg7 45. Rh7+ Kg8 46. Bf5 Re2+ 47. Kg3 Re5 48. h4 gxh4+ 49.
Kxh4 Kf8 50. Rh8+ Kg7 51. Rh7+ Kg8 52. f4 Re1 53. Rb7 Rh1+ 54. Kg3 Rg1+ 55. Kh4 Rh1+ 56. Kg3 Rg1+ 57. Kf3 Rh1 58. g5 fxg5 59. fxg5 Rf1+ 60. Kg4 Rg1+ 61. Kh5 Rh1+ 62. Kg6 Kf8 63. Kf6 Ke8 64. g6 Rh6 65. Kg7 Rh1 66. Rb8+ Ke7 67. Be4 Re1 68.
Bc2 Rc1 69. Rb7+ Ke8 70. Rb2 Ke7 71. Kg8 Rg1 72. g7 Kf6 73. Rb6+ Ke7 74. Be4 Ke8 75.
Kh8 Kf7 76. Bh7 Rxg7 77. Rb7+ Kf8 78. Rxg7 Ke8 79. Rb7 Kd8 80. Kg7 Kc8 81. Rf7 Kd8 82. Kf6 Ke8 83. Ke6 Kd8 84. Re7 Kc8 85. Kd6 Kd8 86.
Bg6 Kc8 87. Rd7 Kb8 88. Kc6 Kc8 1/2-1/2

[Event "Live Chess"]
[Site "Chess.com"]
[Date "2023.05.21"]
[Round "-"]
[White "elephantgerrald"]
[Black "Hacker_2009"]
[Result "0-1"]
[WhiteElo "688"]
[BlackElo "1916"]
[TimeControl "300"]
[EndTime "2:26:03 PDT"]
[Termination "Hacker_2009 won by checkmate"]

1. e4 c5 2. Nf3 d6 3. e5 dxe5 4.
Nxe5 Qc7 5. Qh5 g6 6. Qe2 Bg7 7. Qb5+ Nc6 8. Nxc6 bxc6 9. Qxc5 Nf6 10. Bc4 O-O 11.
O-O Ng4 12. g3 Ne5 13. Nc3 Bh3 14. Re1 Nf3+ 15. Kh1 Nxe1 16. d3 Nxc2 17. Bf4 e5 18. Bxf7+ Rxf7 19. Rc1 exf4 20. Rxc2 fxg3 21. hxg3 Raf8 22.
Re2 Qd7 23. Ne4 Qg4 24. Qxf8+ Rxf8 25. Nf6+ Bxf6 26. Re4 Qf3+ 27. Kh2 Qg2# 0-1

[Event "Live Chess"]
[Site "Chess.com"]
[Date "2023.05.21"]
[Round "-"]
[White "MarkLim1"]
[Black "DoYouLikeCurry"]
[Result "1-0"]
[WhiteElo "1724"]
[BlackElo "1376"]
[TimeControl "300"]
[EndTime "2:26:17 PDT"]
[Termination "MarkLim1 won by checkmate"]

1. d4 d5 2. Nf3 Nf6 3. c4 c6 4.
cxd5 cxd5 5. Nc3 Nc6 6. Bf4 Bd7 7. e3 e6 8. Bd3 Rc8 9. Rc1 Bb4 10. O-O O-O 11. a3 Bxc3 12. Rxc3 Nh5 13. Be5 f6 14. Bg3 Nxg3 15. hxg3 e5 16. dxe5 fxe5 17. Nd2 e4 18.
Bb5 Ne5 19. Bxd7 Qxd7 20. Qb3 Rxc3 21. bxc3 Qc6 22. Nxe4 Kh8 23. Nd2 Qh6 24. Qxd5 Ng4 25.
Nf3 Rxf3 26. Qd8+ Rf8 27. Qxf8# 1-0

[Event "Live Chess"]
[Site "Chess.com"]
[Date "2023.05.21"]
[Round "-"]
[White "ChessTWSS"]
[Black "Doge_Dandolo"]
[Result "1/2-1/2"]
[WhiteElo "1623"]
[BlackElo "1864"]
[TimeControl "300"]
[EndTime "2:26:21 PDT"]
[Termination "Game drawn by repetition"]

1. d4 d5 2. Bf4 Nf6 3. e3 c5 4. c3 Qb6 5. Qb3 Bf5 6. Nf3 e6 7. Bxb8 Rxb8 8. Qxb6 axb6 9. Bb5+ Kd8 10. Ne5 Bg6 11.
Nxg6 hxg6 12. O-O Bd6 13. h3 g5 14. Nd2 g4 15. hxg4 Nxg4 16. g3 Ke7 17. c4 Rh6 18.
cxd5 Rbh8 19. dxe6 Rh1+ 20. Kg2 R1h2+ 21. Kg1 fxe6 22.
Nf3 R2h6 23. dxc5 Bxc5 24. a3 e5 25. b4 e4 26. Nh4 Bd6 27. Nf5+ Ke6 28. Nxh6 Rxh6 29.
Bc4+ Ke7 30. Rad1 Ne5 31. Kg2 Nxc4 32. Rd4 Ne5 33. Rxe4 Kf6 34. f4 Ng4 35. Rd1 Be7 36. Rd7 Rh2+ 37. Kf3 Nh6 38. Rdxe7 Ra2 39. R4e6+ Kf5 40.
Re5+ Kf6 41. R5e6+ Kf5 42. Re5+ Kf6 43. R5e6+ 1/2-1/2

[Event "Live Chess"]
[Site "Chess.com"]
[Date "2023.05.21"]
[Round "-"]
[White "OceanFloater"]
[Black "HadesLearmonth"]
[Result "1-0"]
[WhiteElo "1033"]
[BlackElo "1191"]
[TimeControl "300"]
[EndTime "2:26:27 PDT"]
[Termination "OceanFloater won by resignation"]

1. e4 e5 2. Nf3 Nc6 3. Bc4 Nd4 4. Nxd4 exd4 5. O-O Nf6 6. Re1 Bc5 7. e5 Ng8 8.
d3 Ne7 9. c3 O-O 10. cxd4 Bxd4 11. Nc3 Ng6 12. Be3 Bxe3 13. Rxe3 d5 14. Nxd5 b5 15.
Bb3 Bb7 16. Qf3 c6 17. Nc3 Qb6 18. e6 c5 19. Nd5 Bxd5 20. exf7+ Bxf7 21. Bxf7+ Rxf7 22. Qxa8+ Rf8 23. Qd5+ Kh8 24. Rae1 Nf4 25. Re8 h6 26.
Rxf8+ Kh7 27. Qf5+ Ng6 28. Re6 1-0

[Event "Live Chess"]
[Site "Chess.com"]
[Date "2023.05.21"]
[Round "-"]
[White "Mechhead7"]
[Black "wadsy27"]
[Result "0-1"]
[WhiteElo "1775"]
[BlackElo "2569"]
[TimeControl "300"]
[EndTime "2:26:45 PDT"]
[Termination "wadsy27 won by resignation"]

1. e4 c5 2. Nf3 e6 3. d4 cxd4 4.
Nxd4 Nc6 5. Nc3 Qc7 6. Be3 a6 7. Be2 Nf6 8. Nb3 b5 9. a3 Bb7 10. O-O Be7 11. Kh1 O-O 12. f4 d6 13.
Qe1 Rfd8 14. Qg3 b4 15. axb4 Nxb4 16. Bd3 Nxd3 17. cxd3 d5 18. e5 d4 19. exf6 Bxf6 20. Nxd4 Bxd4 21. Bxd4 Rxd4 22. Ne4 Rad8 23. Rac1 Qe7 24.
Nc5 g6 25. h3 R8d5 26. Nxb7 Qxb7 27. f5 exf5 28. Rc7 Qxb2 29. Qg5 Qb8 30. Rfc1 Qf8 31. Rc8 Rd8 32. R8c6 Rxd3 33. Rxa6 Rd1+ 34. Rxd1 Rxd1+ 35. Kh2 Qb8+ 36. Qg3 Rh1+ 37. Kxh1 Qxg3 0-1

[Event "Live Chess"]
[Site "Chess.com"]
[Date "2023.05.21"]
[Round "-"]
[White "PrinceCharming_1"]
[Black "Ian-Morley"]
[Result "1-0"]
[WhiteElo "1625"]
[BlackElo "1073"]
[TimeControl "300"]
[EndTime "2:27:03 PDT"]
[Termination "PrinceCharming_1 won by resignation"]

1. e4 d5 2. exd5 Qxd5 3. Nc3 Qd8 4. d4 g6 5. Nf3 Bg7 6. Be2 Nf6 7. Be3 O-O 8. O-O Bf5 9. Qd2 e6 10. Rad1 c6 11.
Bg5 Nbd7 12. Ne5 Qc7 13. Nxd7 Qxd7 14. h4 h6 15. Bxh6 Bxh6 16. Qxh6 Nh7 17. g4 f6 18.
gxf5 exf5 19. Qxg6+ Qg7 20. Qxg7+ Kxg7 21. Bd3 Kf7 22.
Kh2 Rg8 23. Bxf5 Nf8 24. Rg1 Nd7 25. Bxd7 Rxg1 26. Rxg1 1-0

[Event "Live Chess"]
[Site "Chess.com"]
[Date "2023.05.21"]
[Round "-"]
[White "Cimon"]
[Black "whitedjohn"]
[Result "0-1"]
[WhiteElo "1830"]
[BlackElo "1672"]
[TimeControl "300"]
[EndTime "2:27:06 PDT"]
[Termination "whitedjohn won on time"]

1. Nf3 Nf6 2. d4 c5 3. d5 d6 4.
c4 e6 5. Nc3 exd5 6. cxd5 g6 7. e4 Bg7 8. Bd3 Bg4 9. h3 Bxf3 10.
Qxf3 a6 11. a4 b6 12. O-O Nbd7 13. Qe2 Qc8 14. f4 O-O 15. Bc2 Re8 16. Bd2 c4 17. Kh2 Nc5 18. e5 Nd3 19. Bxd3 cxd3 20. Qxd3 dxe5 21.
Rae1 exf4 22. Bxf4 Nh5 23. Be3 Be5+ 24. Kg1 Qc7 25.
Bf2 Ng3 26. Bxg3 Bxg3 27. Re3 Rxe3 28. Qxe3 Bd6 29. Kh1 Bc5 30. Qf3 Rd8 31. Ne4 Bd4 32. Ng5 Rd7 33. b3 h6 34. Ne4 Bg7 35. Qd3 Qb7 36. Rd1 b5 37. axb5 Qxb5 38. Qxb5 axb5 39. b4 f5 40. Nc5 Rd6 41. Ne6 Kf7 42. Nxg7 Kxg7 43.
Kg1 Kf6 44. Kf2 Ke5 45. Ke3 Rxd5 46. Rc1 Kd6 47. Re1 g5 48. Kf2 f4 0-1

[Event "Live Chess"]
[Site "Chess.com"]
[Date "2023.05.21"]
[Round "-"]
[White "Singapourfeuj"]
[Black "raminguy"]
[Result "1-0"]
[WhiteElo "2192"]
[BlackElo "1959"]
[TimeControl "300"]
[EndTime "2:27:06 PDT"]
[Termination "Singapourfeuj won by resignation"]

1. d4 d5 2. c4 e6 3. Nf3 a6 4. cxd5 exd5 5. Nc3 c6 6. Bf4 Bd6 7. Bxd6 Qxd6 8. e3 Nf6 9. Bd3 O-O 10. h3 Nbd7 11. O-O Re8 12. Qc2 Nf8 13. Ne5 c5 14. f4 cxd4 15. exd4 Qb6 16. Qf2 Ne6 17. Ne2 Qxb2 18. Rab1 Qxa2 19. f5 Ng5 20. Nf4 Nge4 21. Qxa2 1-0

[Event "Live Chess"]
[Site "Chess.com"]
[Date "2023.05.21"]
[Round "-"]
[White "yeetpizza74"]
[Black "Rusty_Bridges"]
[Result "0-1"]
[WhiteElo "481"]
[BlackElo "1514"]
[TimeControl "300"]
[EndTime "2:27:31 PDT"]
[Termination "Rusty_Bridges won by checkmate"]

1. e4 d6 2. d4 Nf6 3. Nc3 Nbd7 4.
Nf3 e5 5. dxe5 dxe5 6. Bg5 Be7 7.
Bxf6 Bxf6 8. Nd5 c6 9. Nxf6+ Qxf6 10. Bc4 h6 11. O-O O-O 12. Qe2 Nc5 13. Rfd1 Bg4 14.
Bb3 Rfd8 15. Rxd8+ Rxd8 16. Rd1 Rxd1+ 17. Qxd1 Nxe4 18. Qd7 Bxd7 19. c3 Qd6 20. Kh1 Nd2 21. Nxd2 Qxd2 22. Bd1 Qe1# 0-1

[Event "Live Chess"]
[Site "Chess.com"]
[Date "2023.05.21"]
[Round "-"]
[White "smoggyrabbit"]
[Black "chessfiction"]
[Result "0-1"]
[WhiteElo "1701"]
[BlackElo "2334"]
[TimeControl "300"]
[EndTime "2:27:37 PDT"]
[Termination "chessfiction won on time"]

1. d4 d5 2. Nf3 e5 3. Nxe5 Nc6 4. Nxc6 bxc6 5. e3 Bd6 6. Bd3 Nf6 7. b3 O-O 8. Bb2 Re8 9. h3 Ne4 10. Nd2 Nxf2 11.
Kxf2 Qh4+ 12. Kf1 Rxe3 13. Nf3 Qg3 14. Bc1 Re7 15. Ng5 Bb4 16. Bd2 Bxd2 17. Qxd2 Re3 18.
Nxh7 f5 19. Qf2 Rxd3 20. cxd3 Qxd3+ 21. Qe2 Ba6 22. Qxd3 Bxd3+ 23. Kf2 Kxh7 24. Rhe1 Be4 25. Rac1 a5 26. Rxc6 a4 27. Rxc7 axb3 28. axb3 Ra3 29.
Re3 Ra2+ 30. Re2 Ra3 31. Re3 f4 32. Rec3 Ra2+ 33. Ke1 Ra1+ 34. Kd2 Ra2+ 35. Kc1 Rxg2 36. Rf7 f3 37. Rcc7 f2 38. b4 Rg1+ 39. Kd2 f1=Q 40.
Rxg7+ Rxg7 41. Rxg7+ Kxg7 0-1

[Event "Live Chess"]
[Site "Chess.com"]
[Date "2023.05.21"]
[Round "-"]
[White "WilliamofOrange16th"]
[Black "LiamClery2020"]
[Result "1-0"]
[WhiteElo "1843"]
[BlackElo "2005"]
[TimeControl "300"]
[EndTime "2:27:37 PDT"]
[Termination "WilliamofOrange16th won by resignation"]

1. e4 Nf6 2. Nc3 e5 3. Nf3 Nc6 4. Bb5 Bb4 5. Nd5 Nxd5 6. exd5 Nd4 7. Nxd4 exd4 8. Qe2+ Qe7 9. O-O Qxe2 10. Bxe2 O-O 11.
c3 dxc3 12. dxc3 Bc5 13. b4 Bd6 14. Be3 b6 15. a3 Bb7 16. c4 Rfe8 17. Bf3 a5 18. c5 Be5 19. Rab1 axb4 20. axb4 Ba6 21. Rfc1 Bd3 22. Rb3 Bg6 23. cxb6 cxb6 24. Bxb6 Rac8 25. Rxc8 Rxc8 26. g3 Bc2 27. Re3 Bf6 28. h4 h6 29.
Bc5 Kh7 30. Bg4 Rd8 31. b5 g5 32. hxg5 Bxg5 33. Rc3 Ba4 34. Bf5+ Kg7 35. b6 d6 36. Bd4+ Bf6 37. Bxf6+ Kxf6 38. Rc8 Ke7 39. b7 1-0

[Event "Live Chess"]
[Site "Chess.com"]
[Date "2023.05.21"]
[Round "-"]
[White "AttackingSnowLeopard"]
[Black "Leonid_Starozhilov"]
[Result "0-1"]
[WhiteElo "2200"]
[BlackElo "2633"]
[TimeControl "300"]
[EndTime "2:27:50 PDT"]
[Termination "Leonid_Starozhilov won by resignation"]

1. d4 g6 2. c4 Bg7 3. Nc3 d6 4.
e4 Nc6 5. Nf3 Bg4 6. Be3 e5 7.
dxe5 Bxf3 8. Qxf3 dxe5 9. Nd5 Nd4 10. Bxd4 exd4 11. Bd3 c6 12. Nf4 Qa5+ 13. Ke2 Nf6 14. Rhe1 O-O 15. Kf1 Rfe8 16. Kg1 Re5 17. a3 Rae8 18.
b4 Qc7 19. Rad1 h5 20. h3 b6 21.
c5 bxc5 22. Bc4 Kh7 23. Nd3 Rxe4 24. Rxe4 Nxe4 25. Qxf7 Qxf7 26. Bxf7 Re7 27. Bc4 Nc3 28. Ra1 Re2 29. bxc5 Rc2 30. Kf1 Ne4 31. Ba6 Nxc5 32. Nxc5 Rxc5 33. Bd3 Rc3 34. Ke2 c5 35. Rb1 c4 36.
Be4 d3+ 37. Kd1 Rxa3 38. Rb4 Ra1+ 39. Kd2 Bh6+ 40. Kc3 d2 41. Rb7+ Kg8 42. Bd5+ Kf8 0-1

[Event "Live Chess"]
[Site "Chess.com"]
[Date "2023.05.21"]
[Round "-"]
[White "FailsGambits"]
[Black "Ferrarifan27"]
[Result "0-1"]
[WhiteElo "1338"]
[BlackElo "2099"]
[TimeControl "300"]
[EndTime "2:28:05 PDT"]
[Termination "Ferrarifan27 won by resignation"]

1. e4 e5 2. Nf3 Nc6 3. d4 exd4 4. Nxd4 Qh4 5. Nc3 Bb4 6. Ne2 Qxe4 7. Bd2 Qe7 8. a3 Bxc3 9. Bxc3 Nf6 10. Qd3 O-O 11.
O-O-O d5 12. Bxf6 Qxf6 13. Qxd5 Qxf2 14. Nd4 Nxd4 15. Qxd4 Qxd4 16. Rxd4 Be6 17. Bc4 Bxc4 18. Rxc4 c6 19. Rd1 Rad8 20. Rcd4 Rxd4 21. Rxd4 Rb8 22. Rd7 Kf8 23. Kd2 Ke8 24. Rc7 Rd8+ 25. Kc3 Rd7 26. Rc8+ Ke7 27. Rh8 h6 28. Rh7 Kf6 29.
Kc4 Rd8 30. g4 Kg6 0-1

[Event "Live Chess"]
[Site "Chess.com"]
[Date "2023.05.21"]
[Round "-"]
[White "Brooms1989"]
[Black "Crowded_House"]
[Result "0-1"]
[WhiteElo "1108"]
[BlackElo "1656"]
[TimeControl "300"]
[EndTime "2:28:11 PDT"]
[Termination "Crowded_House won by resignation"]

1. e4 e6 2. d4 d5 3. Nc3 Bb4 4. e5 c5 5. a4 Nc6 6. Nf3 Nge7 7.
Bb5 a6 8. Bxc6+ Nxc6 9. O-O O-O 10. Bg5 Qd7 11. Ne2 cxd4 12. Nfxd4 Nxd4 13. Qxd4 Be7 14. Bxe7 Qxe7 15. Qg4 Bd7 16. b3 Rac8 17. Nd4 Rc3 18.
Rad1 h6 19. f4 g6 20. Rf3 h5 21. Qh3 Rxf3 22. Nxf3 Rc8 23. Nd4 b5 24. Rd3 bxa4 25. bxa4 Qb4 26. Qe3 Qxa4 27. Ra3 Qc4 28. h3 Rb8 29.
Rb3 Rxb3 30. Qxb3 Qxb3 31. Nxb3 Bb5 32. Kf2 Kf8 33. Ke3 Ke7 34. Kd4 Bf1 35. g3 Bxh3 36. Kc5 Bf1 37. Kb6 Bc4 38. Nc5 f6 39. Nxa6 g5 40.
fxg5 fxg5 41. Nb4 h4 42. gxh4 gxh4 43. Nc6+ Kf7 44. Nd8+ Ke7 45. Nc6+ Kd7 46. Nd4 h3 47. Nf3 Be2 48. Kc5 Bxf3 0-1

[Event "Live Chess"]
[Site "Chess.com"]
[Date "2023.05.21"]
[Round "-"]
[White "Tushinskiy"]
[Black "SupremeTactician"]
[Result "1-0"]
[WhiteElo "2155"]
[BlackElo "2269"]
[TimeControl "300"]
[EndTime "2:28:12 PDT"]
[Termination "Tushinskiy won by resignation"]

1. d4 Nf6 2. c3 e6 3. Nf3 d5 4. Bf4 b6 5. Bg3 Bd6 6. Nbd2 Bb7 7. e3 a5 8. Bd3 O-O 9. Qe2 Ne4 10. O-O Bxg3 11.
hxg3 f5 12. Rae1 g5 13. Rd1 g4 14. Ne5 Nd7 15. Nxd7 Qxd7 16. Rfe1 Qf7 17. c4 Qh5 18. cxd5 Rf6 19. Nxe4 fxe4 20. Bxe4 exd5 21. Bb1 Rh6 22. f3 Qh2+ 23. Kf2 gxf3 24. Qxf3 Rf8 25. Bf5 Rhf6 26. g4 Qh4+ 27. Ke2 Ba6+ 28. Kd2 Bc8 29. Rh1 Qg5 30.
Qxd5+ R8f7 31. Bxh7+ 1-0

[Event "Live Chess"]
[Site "Chess.com"]
[Date "2023.05.21"]
[Round "-"]
[White "ProfPoisson"]
[Black "Reggie016"]
[Result "0-1"]
[WhiteElo "1217"]
[BlackElo "1113"]
[TimeControl "300"]
[EndTime "2:28:19 PDT"]
[Termination "Reggie016 won by resignation"]

1. e4 e6 2. d4 d5 3. e5 c5 4. c3 Nc6 5. Nf3 Bd7 6. Bd3 cxd4 7. cxd4 Bb4+ 8. Nc3 Nge7 9. O-O O-O 10. Ng5 h6 11.
Qh5 Nf5 12. Nf3 Ncxd4 13. Nxd4 Nxd4 14. a3 Bxc3 15. bxc3 Bb5 16. Bxb5 Nxb5 17. Rb1 Nxc3 18. Rxb7 Qc8 19. Rb3 Qc4 20. Rb4 Qd3 21. Rg4 Qh7 22. Bxh6 g6 23. Qh3 Rfc8 24. Rc1 Ne2+ 25. Kh1 Rxc1+ 26.
Bxc1 Qxh3 27. gxh3 Nxc1 28. h4 Rc8 29. h5 Kg7 30. f4 Rc4 31. h4 Ne2 32. hxg6 fxg6 33.
h5 Nxf4 34. hxg6 Nxg6 35. Rxc4 dxc4 0-1